 Dungeon Crawl Stone Soup version 0.20-a0-539-g174d061 (webtiles) character file.

566 Devintownsend the Chopper (level 7, 0/61 HPs)
             Began as a Minotaur Fighter on Jan 29, 2017.
             Slain by Grinder (6 damage)
             ... on level 4 of the Dungeon.
             The game lasted 00:11:07 (2135 turns).

Devintownsend the Chopper (Minotaur Fighter)        Turns: 2135, Time: 00:11:07

Health: 0/61       AC: 11    Str: 27    XL:     7   Next: 10%
Magic:  6/6        EV:  7    Int:  5    God:
Gold:   220        SH: 10    Dex: 10    Spells: 6/6 levels left

rFire    + + .     SeeInvis .   a - +1 war axe
rCold    x . .     Gourm    .   t - +0 fire dragon scales
rNeg     . . .     Faith    .   c - +0 shield
rPois    .         Spirit   .   (helmet restricted)
rElec    .         Reflect  .   (no cloak)
rCorr    .         Harm     .   r - +0 pair of gloves
MR       .....                  (no boots)
Stlth    ..........             (no amulet)
Regen    0.2/turn               (no ring)
                                (no ring)

@: mighty
A: retaliatory headbutt, horns 2
a: no special abilities


You were on level 4 of the Dungeon.
You were hungry.

You visited 1 branch of the dungeon, and saw 4 of its levels.

You collected 220 gold pieces.

Inventory:

Hand Weapons
 a - a +1 war axe (weapon)
 w - a +0 mace of protection
Armour
 b - a +0 scale mail
 c - a +0 shield (worn)
 r - a +0 pair of gloves (worn)
 t - +0 fire dragon scales (worn)
Magical Staves
 i - an uncursed staff of summoning {unknown}
Jewellery
 x - an uncursed ring of stealth {unknown}
Wands
 h - a wand of polymorph (8/24)
Scrolls
 e - a scroll of blinking
 g - a scroll of magic mapping
 k - a scroll of remove curse
 m - 3 scrolls of teleportation
 p - 2 scrolls of enchant armour {unknown}
 u - a scroll of identify
 y - a scroll of recharging {unknown}
Potions
 j - a potion of flight
 n - 2 potions of mutation
 o - 2 potions of curing
 v - a potion of invisibility {unknown}
Comestibles
 f - 3 bread rations
 l - 5 chunks of flesh
 q - a royal jelly
 s - a fruit


   Skills:
 + Level 5.4 Fighting
 + Level 7.0 Axes
 + Level 5.7 Armour
 - Level 4.1 Shields


You had 6 spell levels left.
You didn't know any spells.

Dungeon Overview and Level Annotations

Branches:
Dungeon (4/15)
 Temple: D:4-7

Altars:
Dithmenos
Kikubaaqudgha
Nemelex Xobeh
Xom

Annotations:
D:4 Grinder


Innate Abilities, Weirdness & Mutations

You reflexively headbutt those who attack you in melee.
You have a pair of horns on your head.


Message History

You feel very mighty all of a sudden. Grinder hits you.
You writhe in agony.
You closely miss Grinder.
Grinder is lightly wounded.
You are feeling hungry.
Grinder hits you.
You writhe in agony.
* * * LOW HITPOINT WARNING * * *
You slash Grinder!
Grinder is heavily wounded.
Grinder barely misses you. You furiously retaliate!
You headbutt Grinder! You closely miss Grinder. Your headbutt misses Grinder.
Grinder is severely wounded.
Grinder hits you but does no damage. Grinder hits you.
* * * LOW HITPOINT WARNING * * *
You writhe in agony.
* * * LOW HITPOINT WARNING * * *
You completely miss Grinder. Your headbutt misses Grinder.
Grinder is severely wounded.
Grinder hits you.
You die...

#### ##..##
#....## .....
#5.# #@# #.#
#.## #..#####
##
#......######.#
###....(((.).##
##..(......>#
##......#####
#...#####


You could see Grinder.

Vanquished Creatures
  A centaur (D:4)
  An ogre (D:4)
  Blork the orc (D:4)
  A hound (D:4)
  Ijyb (D:3)
  A worker ant (D:4)
  3 gnolls (D:4)
  8 adders
  12 oozes
  A worm (D:3)
  2 dart slugs
  3 leopard geckos (D:3)
  2 orcs
  A ball python (D:3)
  6 giant cockroaches
  3 hobgoblins
  15 jackals
  2 quokkas
  11 bats
  4 frilled lizards
  6 goblins
  8 kobolds
  12 rats
105 creatures vanquished.

Notes
Turn   | Place    | Note
-------+----------+-------------------------------------------
     0 | D:1      | Devintownsend the Minotaur Fighter began the quest for the Orb.
     0 | D:1      | Reached XP level 1. HP: 19/19 MP: 0/0
     1 | D:1      | Found a runed door.
    25 | D:1      | Reached XP level 2. HP: 21/27 MP: 1/1
    38 | D:1      | Reached XP level 3. HP: 19/33 MP: 2/2
    47 | D:1      | Reached skill level 3 in Axes
    93 | D:1      | Reached XP level 4. HP: 19/41 MP: 3/3
   789 | D:2      | Reached skill level 4 in Axes
  1202 | D:2      | Found a shimmering altar of Xom.
  1265 | D:3      | Noticed Ijyb
  1273 | D:3      | Killed Ijyb
  1273 | D:3      | Reached XP level 5. HP: 47/47 MP: 4/4
  1332 | D:3      | Found a shadowy altar of Dithmenos.
  1443 | D:3      | Found a faded altar of an unknown god.
  1559 | D:3      | Reached skill level 5 in Axes
  1890 | D:4      | Noticed Blork the orc
  1943 | D:4      | Killed Blork the orc
  1943 | D:4      | Reached skill level 5 in Fighting
  1943 | D:4      | Reached skill level 5 in Armour
  1943 | D:4      | Reached XP level 6. HP: 56/56 MP: 5/5
  1960 | D:4      | Found a sparkling altar of Nemelex Xobeh.
  1964 | D:4      | Found an ancient bone altar of Kikubaaqudgha.
  2003 | D:4      | Reached skill level 6 in Axes
  2107 | D:4      | Reached skill level 7 in Axes
  2107 | D:4      | Reached XP level 7. HP: 39/61 MP: 6/6
  2124 | D:4      | Noticed Grinder
  2128 | D:4      | Paralysed by Grinder for 2 turns
  2135 | D:4      | Slain by Grinder

Vault maps used:
D:1:      dpeg_arrival_caged_fury
D:2:      lemuel_coloured_pillars_altar, minmay_pentomino_q2
D:3:      first_bread, chequers_ecumenical_altar_simple_redux,
          grunt_dithmenos_smoke_and_mirrors, uniq_iyjb
D:4:      grunt_temple_overflow_open, minmay_temple_entry_trees,
          uniq_blork_the_orc, uniq_grinder

Skill      XL: |  1  2  3  4  5  6 |
---------------+-------------------+-----
Fighting       | 4 5 |  5.4
Armour         | 4 5 |  5.7
Shields        | 4 |  4.1
Axes           | 3 4 5 7 |  7.0

Action                   |  1- 3 |  4- 6 |  7- 9 || total
-------------------------+-------+-------+-------++-------
Melee: War axe           |    53 |   200 |     6 ||   259
       Headbutt          |    11 |    30 |       ||    41
  Use: Scroll            |       |    11 |       ||    11
       Potion            |       |     5 |     1 ||     6
  Eat: Chunk             |       |     4 |       ||     4
Armor: Scale mail        |    18 |    36 |       ||    54
       Fire dragon scale |       |    79 |     1 ||    80
Dodge: Dodged            |    10 |    74 |     1 ||    85
Block: Shield            |    21 |   116 |       ||   137
